Map: Lightshade LE

Players

Semper

  • Race: Terran Terran

Scarlett - Winner!

  • Race: Zerg Zerg

Event: DreamHack SC2 Masters 2021 Winter

VOD

Have the link to the VOD?

Description

Time

  • Played on: Oct. 8, 2021, 5:23 p.m.
  • Length: 11:42

All games in this series

Show
View Real Time Build Order
Export as new Build Order

Semper Terran 

Build Orders: Reaper Expand, Hellion Banshee 

Get SALT Encoding   

  12  0:00  SCV  
  13  0:12  SCV  
  14  0:17  Supply Depot  
  14  0:24  SCV  
  15  0:38  SCV  
  15  0:40  Barracks  
  16  0:44  Refinery  
  16  0:51  SCV  
  17  1:03  SCV  
  18  1:15  SCV  
  19  1:27  Orbital Command  
  19  1:28  Reaper  
  20  1:39  Command Center  
  20  1:47  Supply Depot  
  20  1:52  SCV  
  21  1:59  Marine  
  22  2:04  SCV  
  22  2:06  Factory  
  23  2:16  SCV  
  23  2:17  Refinery, Marine  
  25  2:29  SCV  
  26  2:37  Barracks Reactor  
  26  2:41  SCV  
  26  2:53  SCV  
  26  2:56  Starport  
  27  3:00  Hellion  
  27  3:05  SCV  
  30  3:17  SCV  
  31  3:22  Orbital Command  
  30  3:29  Hellion, SCV  
  30  3:30  Hellion  
  30  3:33  Marine  
  31  3:39  Engineering Bay  
  31  3:41  SCV  
  31  3:42  Starport Tech Lab  
  32  3:49  Medivac  
  32  3:51  Hellion  
  38  3:57  Marine  
  38  4:00  SCV  
  38  4:01  Supply Depot, SCV  
  38  4:02  Armory  
  39  4:08  Supply Depot  
  39  4:09  Hellion  
  41  4:12  Hellion  
  41  4:15  Marine  
  44  4:18  SCV  
  44  4:21  SCV, Starport Tech Lab  
  46  4:31  Hellion, SCV  
  49  4:32  Supply Depot  
  49  4:34  Hellion, Barracks Tech Lab  
  51  4:39  SCV  
  51  4:44  Banshee  
  55  4:49  SCV  
  56  4:56  Hellion  
  56  4:57  Hellion  
  60  5:03  SCV  
  61  5:09  SCV  
  56  5:19  Hellion x2, SCV  
  56  5:20  Hellion x4  
  60  5:21  SCV  
  56  5:36  Command Center  
  56  5:37  SCV  
  56  5:39  Supply Depot  
  59  5:43  Hellion x2  
  59  5:44  Marine  
  60  5:55  SCV  
  61  5:57  Stimpack  
  61  5:58  SCV  
  62  6:04  Starport Reactor  
  62  6:11  SCV  
  63  6:12  Barracks  
  63  6:15  Barracks  
  63  6:18  Factory Reactor  
  57  6:29  SCV x2  
  48  6:33  Refinery, Engineering Bay, Barracks  
  48  6:34  Engineering Bay, Barracks  
  48  6:35  Refinery  
  48  6:38  Marine  
  49  6:41  SCV x2  
  51  6:51  Factory, Orbital Command  
  51  6:53  Medivac x2, SCV  
  56  6:55  Widow Mine  
  56  6:56  Widow Mine, SCV  
  61  7:03  Barracks Reactor, Marine  
  61  7:04  Marine x2  
  61  7:07  Terran Infantry Weapons Level 1  
  64  7:10  Terran Infantry Armor Level 1  
  64  7:11  SCV  
  64  7:13  SCV  
  64  7:14  Orbital Command  
  66  7:20  Widow Mine x2  
  66  7:21  Marine  
  73  7:25  Supply Depot, Barracks Reactor x2  
  71  7:30  SCV  
  71  7:32  Marine x2  
  71  7:36  SCV  
  75  7:37  Combat Shield  
  75  7:40  SCV  
  75  7:41  Supply Depot, Drilling Claws  
  75  7:42  Supply Depot  
  75  7:43  SCV  
  77  7:45  Supply Depot  
  77  7:46  Widow Mine  
  77  7:47  Widow Mine  
  77  7:49  Marine  
  77  7:50  SCV  
  83  7:54  Widow Mine  
  83  7:56  SCV  
  86  8:01  Bunker  
  86  8:02  SCV x2  
  88  8:07  Marine x5  
  88  8:08  Widow Mine x2  
  97  8:19  SCV  
  94  8:23  Marine x3  
  94  8:24  Marine  
  94  8:25  Widow Mine, SCV, Marine x5  
  101  8:34  SCV  
  86  8:35  SCV  
  86  8:38  SCV  
  88  8:46  SCV  
  88  8:47  Medivac x2, SCV  
  88  8:48  Widow Mine x2  
  98  8:50  SCV  
  98  8:52  Marine x2  
  98  8:53  Supply Depot  
  101  8:58  SCV  
  101  9:02  Marine x6  
  103  9:03  Widow Mine  
  103  9:05  Terran Infantry Weapons Level 2  
  103  9:08  SCV x2  
  112  9:10  SCV  
  113  9:21  SCV x2  
  113  9:22  Marine x6  
  113  9:23  Marine x2  
  113  9:24  Widow Mine  
  123  9:26  Supply Depot  
  123  9:28  Medivac x2  
  121  9:34  Widow Mine x2, Marine  
  126  9:40  Marine  
  126  9:45  Widow Mine  
  129  9:46  Supply Depot  
  129  9:47  Supply Depot  
  129  9:50  Supply Depot  
  129  9:51  Marine x5  
  135  10:00  Widow Mine x2  
  118  10:08  Marine x4  
  118  10:09  Marine x2  
  118  10:10  Marine x3  
  123  10:15  SCV  
  123  10:18  SCV x2  
  107  10:25  Marine  
  107  10:26  Widow Mine x3, Marine x2  
  107  10:28  SCV  
  117  10:36  Supply Depot, Marine x5  
  117  10:37  Supply Depot, Marine  
  117  10:38  Supply Depot  
  117  10:40  SCV x3  
  126  10:52  Marine  
  126  10:54  Marine x5  
  126  10:55  Marine  
  133  11:02  Barracks  
  133  11:03  SCV x2, Barracks  
  135  11:04  Barracks  
  135  11:08  Marine  
  115  11:15  SCV  
Show
View Real Time Build Order
Export as new Build Order

Scarlett Zerg - Winner!

Build Orders: Pool First 

Get SALT Encoding   

  12  0:00  Drone  
  13  0:12  Overlord  
  13  0:17  Drone  
  14  0:30  Drone x2  
  14  0:34  Drone  
  17  0:45  Drone, Extractor  
  17  0:49  Spawning Pool  
  16  0:55  Drone  
  17  1:07  Drone  
  18  1:15  Hatchery  
  17  1:20  Drone  
  18  1:36  Queen  
  18  1:37  Zergling x2  
  18  1:38  Zergling x2  
  22  1:46  Metabolic Boost  
  22  1:51  Overlord  
  22  2:09  Drone  
  22  2:11  Queen  
  22  2:13  Drone  
  26  2:23  Drone  
  26  2:28  Queen  
  29  2:30  Drone  
  30  2:40  Drone  
  30  2:41  Drone  
  30  2:46  Zergling x2  
  30  2:47  Zergling x6  
  30  2:50  Zergling x2  
  35  2:58  Overlord  
  35  3:00  Drone  
  36  3:15  Hatchery  
  35  3:20  Drone x5  
  35  3:24  Overlord  
  39  3:32  Drone x2  
  41  3:35  Drone  
  41  3:37  Overlord x2  
  42  3:42  Drone  
  43  3:49  Drone  
  43  3:50  Drone  
  43  3:53  Drone x3  
  48  3:56  Overlord  
  48  3:57  Queen  
  48  4:01  Extractor  
  49  4:07  Queen, Baneling Nest  
  49  4:08  Drone x2  
  52  4:12  Drone x2  
  54  4:19  Drone  
  55  4:24  Zergling x8, Spore Crawler  
  55  4:28  Spore Crawler  
  55  4:29  Queen  
  59  4:34  Queen  
  59  4:38  Drone x2  
  63  4:42  Drone  
  63  4:43  Drone x2  
  66  4:48  Lair  
  66  4:53  Spore Crawler  
  66  4:56  Baneling x2  
  66  4:57  Baneling x2  
  66  4:59  Zergling x6  
  68  5:17  Drone x6  
  68  5:20  Queen  
  74  5:25  Overlord x2  
  73  5:30  Overlord x2  
  73  5:34  Queen  
  73  5:35  Overlord  
  72  5:41  Baneling x3  
  72  5:42  Drone x3  
  73  5:46  Drone x3, Extractor  
  73  5:47  Evolution Chamber  
  73  5:48  Evolution Chamber  
  73  5:51  Drone x2, Overseer, Spore Crawler  
  73  5:53  Overseer  
  73  5:55  Drone x2  
  76  6:00  Drone  
  76  6:01  Drone x3  
  80  6:05  Zergling x6  
  80  6:09  Evolution Chamber  
  81  6:22  Zerg Ground Armor Level 1, Zerg Melee Weapons Level 1  
  79  6:26  Drone x9  
  79  6:31  Extractor  
  82  6:38  Drone, Centrifugal Hooks  
  82  6:39  Drone x3  
  86  6:48  Extractor  
  86  6:49  Zergling x12  
  86  6:51  Hatchery  
  86  6:53  Pneumatized Carapace  
  90  6:58  Drone  
  91  7:01  Hatchery  
  90  7:09  Zergling x12  
  96  7:24  Overlord  
  96  7:25  Overlord  
  96  7:26  Zergling x10  
  101  7:34  Hatchery  
  100  7:40  Zergling x8  
  100  7:41  Zergling x8  
  108  7:49  Drone x4  
  112  7:57  Baneling  
  112  7:58  Baneling x7  
  112  8:00  Baneling x16  
  112  8:02  Zergling x16  
  120  8:06  Baneling x6  
  120  8:09  Drone x4  
  120  8:10  Queen  
  123  8:31  Zergling x30  
  121  8:37  Zerg Ground Armor Level 2, Zerg Melee Weapons Level 2  
  121  8:40  Drone  
  122  8:41  Infestation Pit, Drone x3, Extractor  
  122  8:42  Hydralisk Den  
  122  8:43  Drone x4  
  122  8:45  Baneling x6  
  126  8:51  Drone x6  
  132  9:00  Zergling x6, Spore Crawler  
  132  9:01  Zergling x2  
  132  9:02  Baneling x7  
  135  9:07  Zergling x16  
  143  9:14  Drone  
  143  9:15  Drone x2  
  140  9:21  Drone x8  
  143  9:26  Zergling x8  
  147  9:34  Overlord x4  
  147  9:35  Hive  
  147  9:37  Lurker Den  
  146  9:44  Zergling x2  
  147  9:53  Zergling x22  
  147  9:54  Zergling x10  
  154  10:07  Extractor  
  154  10:10  Extractor  
  131  10:14  Zergling x24  
  131  10:20  Zergling x14  
  136  10:22  Drone x2  
  136  10:23  Drone x3  
  136  10:24  Drone  
  136  10:28  Drone x2  
  144  10:33  Overseer x2  
  144  10:34  Baneling x7  
  144  10:35  Baneling x12  
  144  10:36  Hatchery  
  144  10:38  Zergling x12  
  149  10:51  Zergling x22  
  149  10:52  Zergling x10  
  149  10:55  Baneling x12  
  165  11:02  Zergling x14  
  150  11:12  Drone  
  150  11:13  Drone x8  
  145  11:23  Drone  
  145  11:25  Spore Crawler  
  136  11:28  Drone x4  

Tags
 
Add a new tag
Caveats
  • Supply blocks, unpowered buildings, or Contaminate may cause inaccurate times.
  • Supply counts are checked every 10 seconds.